Map: Ultralove

Players

Moja

  • Race: Terran Terran
  • League: Master
  • Spawn Location: 7:00

Jumy (ForJumy) - Winner!

  • Race: Protoss Protoss
  • League: Grandmaster
  • Spawn Location: 1:00

VOD

Have the link to the VOD?

Description

Time

  • Played on: June 13, 2025, 8:50 a.m.
  • Length: 14:20
Show
View Real Time Build Order
Export as new Build Order

Moja Terran 

Build Orders: Cyclone Opening, Mech 

Get SALT Encoding   

  12  0:00  SCV  
  13  0:12  SCV  
  14  0:16  Supply Depot  
  14  0:24  SCV  
  15  0:38  SCV  
  15  0:39  Barracks  
  16  0:43  Refinery  
  16  0:50  SCV  
  17  1:02  SCV  
  18  1:14  SCV  
  19  1:26  Orbital Command, Marine  
  20  1:39  Command Center  
  20  1:50  Factory  
  20  1:53  SCV  
  21  2:00  Refinery  
  21  2:02  Barracks Tech Lab  
  21  2:05  SCV  
  22  2:10  Supply Depot  
  22  2:17  SCV  
  23  2:32  SCV  
  24  2:39  Cyclone  
  27  2:44  SCV  
  27  2:46  Starport  
  27  2:50  Orbital Command  
  28  2:56  SCV, Barracks Reactor  
  29  3:05  Refinery  
  29  3:08  SCV  
  29  3:12  Widow Mine  
  32  3:16  SCV  
  33  3:20  SCV  
  33  3:24  Medivac  
  36  3:28  SCV  
  36  3:31  Supply Depot  
  36  3:32  SCV, Marine  
  36  3:33  Marine  
  40  3:35  Widow Mine  
  40  3:40  SCV  
  43  3:44  SCV  
  43  3:45  Supply Depot  
  44  3:50  Marine x2  
  44  3:52  SCV  
  47  3:56  SCV  
  47  3:58  Starport Tech Lab  
  47  3:59  Siege Tank  
  51  4:05  SCV  
  51  4:09  SCV  
  53  4:10  Marine x2, Supply Depot  
  56  4:17  SCV  
  56  4:19  Banshee  
  56  4:21  SCV, Cloaking Field  
  60  4:27  Refinery  
  60  4:31  SCV  
  61  4:32  Siege Tank  
  61  4:35  SCV, Supply Depot  
  61  4:37  Marine x2  
  67  4:43  SCV, Supply Depot  
  68  4:47  SCV  
  69  4:55  SCV  
  69  4:58  Marine x2  
  69  4:59  SCV  
  73  5:02  Supply Depot, Banshee  
  73  5:04  Siege Tank  
  79  5:08  Factory  
  79  5:11  SCV  
  79  5:12  SCV  
  81  5:14  Supply Depot  
  81  5:19  Hyperflight Rotors  
  81  5:20  Factory, Marine x2  
  83  5:26  Supply Depot  
  83  5:44  Cyclone  
  83  5:45  Banshee  
  89  5:55  Supply Depot, Mag-Field Accelerator  
  89  6:02  Hellion x2  
  89  6:04  Factory Tech Lab  
  93  6:14  Command Center  
  93  6:16  Cyclone  
  96  6:19  Supply Depot  
  98  6:26  Infernal Pre-Igniter, Cyclone, Hellion x2  
  98  6:27  Banshee  
  106  6:33  Supply Depot  
  106  6:53  Cyclone, Hellion x2  
  113  6:54  SCV x2  
  113  6:56  Supply Depot  
  113  6:57  Supply Depot  
  115  7:05  Cyclone  
  118  7:10  Banshee  
  118  7:12  SCV x2  
  118  7:15  Hellion  
  127  7:18  Factory  
  127  7:20  Factory  
  127  7:23  Hellion  
  127  7:32  Refinery  
  127  7:33  Refinery  
  117  7:44  Hellion  
  117  7:45  Cyclone x2  
  123  7:56  SCV  
  123  7:57  Banshee  
  127  8:00  SCV  
  127  8:05  Factory Tech Lab, Factory Reactor  
  128  8:07  Factory Reactor  
  128  8:08  SCV  
  130  8:12  SCV  
  130  8:17  Orbital Command  
  130  8:19  Cyclone  
  133  8:20  SCV  
  133  8:21  Factory Tech Lab  
  133  8:25  SCV  
  135  8:43  Cyclone  
  135  8:44  Hellion x2  
  135  8:45  Cyclone  
  135  8:46  Hellion x2  
  135  8:47  SCV x3  
  152  8:51  Hellion  
  154  8:59  SCV x3  
  154  9:02  Engineering Bay, Command Center  
  155  9:16  Cyclone x2  
  155  9:17  Hellion  
  161  9:20  Cyclone, Hellion  
  157  9:29  Hellion x2  
  161  9:35  Banshee  
  159  9:48  Cyclone x2  
  159  9:51  Hellion  
  165  9:56  Armory  
  165  9:57  Armory  
  165  9:59  Hellion x2  
  164  10:12  Hellion  
  164  10:13  Cyclone  
  166  10:17  Hellion  
  166  10:19  Banshee  
  166  10:20  Cyclone x2  
  170  10:27  SCV, Hellion  
  155  10:46  Cyclone  
  156  10:52  Cyclone x2  
  142  11:04  Hellion x2  
  136  11:09  SCV x3, Hellion, Planetary Fortress  
  141  11:11  Terran Vehicle And Ship Armor Level 1, Terran Vehicle Weapons Level 1  
  141  11:14  Missile Turret  
  141  11:18  Cyclone  
  144  11:21  SCV  
  144  11:24  Cyclone x2  
  151  11:26  SCV x2  
  153  11:33  SCV  
  153  11:36  Missile Turret  
  154  11:45  Hellion x2  
  158  11:50  Cyclone, Hellion  
  159  11:56  Cyclone  
  159  11:57  Cyclone  
  148  12:04  Hellion  
  123  12:09  Hellion  
  113  12:19  Hellion  
  113  12:22  Cyclone  
  117  12:23  Banshee, Hellion  
  117  12:29  Cyclone x2  
  128  12:40  Hellion x2  
  132  12:46  SCV, Hellion  
  132  12:47  SCV x2  
  137  12:54  Cyclone  
  140  13:00  Thor  
  137  13:06  Cyclone, Hellion x2  
  133  13:17  Hellion  
  108  13:22  Banshee  
  108  13:26  Cyclone  
  110  13:30  SCV  
  110  13:31  SCV  
  112  13:36  Hellion  
  112  13:38  Cyclone  
  117  13:43  Cyclone  
  117  13:46  Hellion x2  
Show
View Real Time Build Order
Export as new Build Order

Jumy Protoss - Winner!

Build Orders: 1 Gate Expand, Phoenix Opening, Blink Stalkers, Zealot Archon 

Get SALT Encoding   

  12  0:00  Probe  
  13  0:12  Probe  
  14  0:18  Pylon  
  14  0:24  Probe  
  15  0:33  Probe  
  15  0:36  Gateway  
  15  0:41  Probe  
  16  0:46  Assimilator  
  17  0:51  Probe  
  18  1:03  Probe  
  19  1:15  Probe  
  20  1:22  Nexus  
  20  1:31  Cybernetics Core  
  20  1:34  Probe  
  21  1:41  Assimilator  
  21  1:47  Probe  
  21  1:51  Pylon  
  22  1:59  Probe  
  23  2:07  Warp Gate  
  23  2:09  Adept  
  23  2:11  Probe  
  26  2:19  Probe  
  26  2:20  Twilight Council  
  26  2:28  Probe  
  27  2:30  Probe  
  27  2:32  Gateway  
  29  2:39  Probe x2, Sentry  
  33  2:47  Probe  
  33  2:48  Blink  
  33  2:51  Probe  
  35  2:55  Probe, Gateway  
  35  3:04  Probe  
  37  3:06  Probe  
  38  3:12  Phoenix  
  38  3:14  Shield Battery, Stalker  
  38  3:18  Probe  
  40  3:20  Probe  
  40  3:25  Pylon  
  40  3:26  Probe  
  42  3:32  Probe  
  44  3:36  Probe  
  45  3:44  Probe  
  46  3:49  Probe  
  46  3:50  Nexus  
  47  3:56  Stalker  
  47  3:58  Stalker  
  47  3:59  Probe  
  52  4:05  Pylon  
  52  4:08  Probe  
  53  4:10  Pylon  
  53  4:14  Assimilator  
  53  4:16  Assimilator  
  53  4:17  Probe  
  53  4:23  Stalker x2  
  59  4:24  Probe  
  59  4:32  Robotics Facility  
  59  4:33  Stalker  
  59  4:36  Probe  
  59  4:37  Probe  
  63  4:41  Pylon  
  63  4:42  Pylon  
  63  4:47  Stalker  
  63  4:48  Stalker  
  63  4:50  Probe  
  68  4:54  Probe  
  69  5:00  Pylon, Probe  
  69  5:02  Probe x2  
  69  5:06  Phoenix  
  72  5:08  Probe  
  72  5:12  Forge  
  72  5:13  Charge  
  72  5:14  Probe  
  73  5:15  Protoss Ground Armor Level 1, Probe  
  73  5:16  Templar Archives, Probe  
  73  5:19  Observer  
  77  5:25  Probe  
  77  5:27  Shield Battery, Probe  
  79  5:28  Probe  
  80  5:38  Probe, Gateway  
  80  5:41  Observer  
  80  5:42  Gateway  
  82  5:43  Gateway  
  82  5:49  Gateway  
  82  5:50  Gateway  
  82  5:51  Probe  
  82  5:54  Probe  
  82  5:57  Probe  
  85  6:01  Immortal  
  85  6:04  Photon Cannon  
  85  6:06  Photon Cannon, High Templar x2  
  85  6:08  Probe  
  94  6:18  Archon  
  94  6:20  Nexus  
  95  6:25  Probe  
  95  6:31  Pylon x2  
  95  6:37  Immortal, Gateway  
  95  6:38  Gateway  
  95  6:40  Robotics Bay  
  95  6:41  Probe x2  
  95  6:42  Pylon  
  101  6:52  Probe  
  101  6:53  Assimilator  
  102  6:54  Observer  
  102  6:58  Zealot x4  
  108  7:02  Probe  
  108  7:03  Probe  
  108  7:06  Observer  
  110  7:09  Forge, Probe  
  110  7:12  Pylon  
  110  7:14  Probe  
  110  7:15  Pylon, Probe  
  113  7:18  Protoss Ground Armor Level 2  
  113  7:20  Photon Cannon  
  113  7:26  Protoss Ground Weapons Level 1  
  113  7:27  Immortal  
  113  7:29  Probe  
  118  7:32  Probe  
  118  7:33  Probe  
  118  7:35  Zealot x4  
  118  7:36  Zealot x2  
  130  7:44  Probe  
  130  7:45  Robotics Facility  
  131  7:57  High Templar x3  
  131  7:59  Warp Prism, High Templar, Observer  
  131  8:01  Zealot x5  
  131  8:02  Photon Cannon, Archon  
  131  8:04  Archon  
  143  8:06  Observer  
  143  8:09  Pylon  
  143  8:11  Pylon  
  145  8:14  Photon Cannon, Probe x2  
  145  8:16  Pylon  
  147  8:23  Zealot x2, High Templar x2  
  147  8:24  Zealot x2  
  147  8:25  Probe x2  
  161  8:27  Archon  
  161  8:28  Assimilator  
  159  8:37  Disruptor  
  157  8:44  Probe  
  157  8:45  Nexus  
  157  8:47  Pylon  
  156  8:48  Gateway  
  156  8:50  Gateway  
  156  8:51  Dark Shrine  
  156  8:57  Disruptor  
  156  8:59  Probe  
  156  9:01  Assimilator  
  161  9:09  Stalker x5  
  169  9:10  Zealot x3  
  169  9:23  Zealot x2, Warp Prism  
  167  9:30  Disruptor  
  149  9:36  Robotics Facility  
  153  9:38  Stalker x2  
  153  9:40  Zealot x6  
  163  9:47  Disruptor  
  163  9:50  Zealot x4  
  165  9:59  Disruptor  
  165  10:04  Dark Templar  
  165  10:05  Dark Templar  
  173  10:08  Zealot x6  
  183  10:14  Protoss Ground Weapons Level 2  
  183  10:17  Observer  
  166  10:30  Protoss Ground Armor Level 3  
  166  10:31  Stalker x8  
  166  10:32  Zealot x2  
  166  10:34  Immortal  
  180  10:44  Zealot x2  
  182  10:53  Gravitic Boosters  
  182  10:56  Zealot x10  
  170  11:10  Dark Templar  
  168  11:12  Dark Templar  
  170  11:23  Stalker x6  
  176  11:31  Warp Prism  
  178  11:34  Probe  
  178  11:36  Zealot x2  
  178  11:37  Zealot x2  
  185  11:43  Nexus  
  182  11:47  Stalker x6  
  192  11:54  Immortal  
  188  12:02  Zealot  
  188  12:03  Zealot x5  
  188  12:06  Disruptor  
  176  12:09  Observer  
  176  12:11  Zealot x2  
  176  12:12  Zealot x4  
  158  12:21  Pylon  
  158  12:28  Immortal  
  158  12:31  Immortal  
  158  12:33  Probe x3  
  158  12:36  High Templar  
  171  12:37  Sentry  
  171  12:38  High Templar  
  171  12:39  Zealot x5  
  185  12:45  Archon  
  185  12:46  Immortal  
  189  12:51  Zealot x3  
  189  12:58  Zealot  
  172  13:08  Immortal, Zealot x7  
  178  13:16  Disruptor  
  164  13:22  Stalker x3  
  164  13:23  Stalker  
  164  13:25  Immortal  
  156  13:35  Stalker x6  
  168  13:43  Zealot x2  
  168  13:45  Zealot x3  
  168  13:46  Zealot, Observer  
  175  13:59  Stalker x5  
  175  14:01  Photon Cannon  
Tags
 
Add a new tag
Caveats
  • Supply blocks, unpowered buildings, or Contaminate may cause inaccurate times.
  • Supply counts are checked every 10 seconds.